 Dungeon Crawl Stone Soup version 0.27-a0-780-geb8d7bc690 (webtiles) character file.

Game seed: 18142774122980999384

9 Bapho the Ruffian (level 2, -4/29 HPs)
             Began as a Troll Monk on Mar 26, 2021.
             Succumbed to a goblin's poison
             ... on level 1 of the Dungeon.
             The game lasted 00:00:38 (265 turns).

Bapho the Ruffian (Troll Monk)                       Turns: 265, Time: 00:00:38

Health: -4/29      AC:  4    Str: 18    XL:     2   Next: 3%
Magic:  1/1        EV: 10    Int:  6    God:
Gold:   11         SH:  0    Dex: 12    Spells: 1/1 levels left

rFire    . . .     SeeInvis .     - Unarmed
rCold    . . .     Faith    .   (no shield)
rNeg     . . .     Spirit   .   a - +0 robe
rPois    .         Reflect  .   (helmet restricted)
rElec    .         Harm     .   (no cloak)
rCorr    .         Rampage  .   (gloves unavailable)
Will     .....                  (boots unavailable)
Stlth    ++........             (no amulet)
HPRegen  1.09/turn              (no ring)
MPRegen  0.07/turn              (no ring)

@: lethally poisoned (-4 -> -14)
A: large, unfitting armour, claws 3, regeneration 1, shaggy fur 1, tough skin 1
a: no special abilities


You were on level 1 of the Dungeon.
You visited 1 branch of the dungeon, and saw 1 of its levels.

You collected 11 gold pieces.

Inventory:

Armour
 a - a +0 robe (worn)


   Skills:
 - Level 2.4 Fighting
 - Level 2.4 Dodging
 - Level 1.0 Stealth
 + Level 3.6 Unarmed Combat


You had one spell level left.
You didn't know any spells.
Your spell library was empty.

Dungeon Overview and Level Annotations

Branches:
Dungeon (1/15)

Altars:


Innate Abilities, Weirdness & Mutations

You are too large for most types of armour.
You have claws for hands.
Your natural rate of healing is unusually fast.
You are covered in fur. (AC +1)
You have tough skin. (AC +1)


Message History

You kill the bat!
No target in view!
No target in view!
You see here a bat corpse.
A hobgoblin comes into view.
The hobgoblin shouts!
A hobgoblin is nearby!
You scratch the hobgoblin but do no damage.
You scratch the hobgoblin.
You kill the hobgoblin!
No target in view!
No target in view!
A ball python comes into view.
The ball python barely misses you.
You claw the ball python!
You kill the ball python!
You have reached level 2!
You see here a +0 robe.
A goblin comes into view. It is wielding a +1 dagger of venom.
The goblin shouts!
The goblin hits you with a +1 dagger of venom.
You barely miss the goblin. The goblin hits you but does no damage.
You barely miss the goblin.
The goblin hits you with a +1 dagger of venom.
You are poisoned.
You barely miss the goblin.
You feel very sick. The goblin hits you but does no damage.
You are more poisoned.
You barely miss the goblin.
You feel extremely sick. The goblin barely misses you.
You are too injured to fight recklessly!
You are too injured to fight recklessly!
You barely miss the goblin.
You feel sick.
The goblin hits you with a +1 dagger of venom.
* * * LOW HITPOINT WARNING * * *
You are lethally poisoned!
You scratch the goblin but do no damage.
You die...

#........##.......#
########..........#
#####....### #....#
###....# #......#
#.#....# #......#
######@# #...#g#
#.# #.# #. #.# #.
..# #.# ..# ###


You could see a goblin.

Vanquished Creatures
  A ball python (D:1)
  An endoplasm (D:1)
  2 hobgoblins (D:1)
  2 quokkas (D:1)
  A bat (D:1)
7 creatures vanquished.

Notes
Turn   | Place    | Note
-------+----------+-------------------------------------------
     0 | D:1      | Bapho the Troll Monk began the quest for the Orb.
     0 | D:1      | Reached XP level 1. HP: 22/22 MP: 0/0
   173 | D:1      | Reached XP level 2. HP: 29/29 MP: 1/1
   265 | D:1      | Succumbed to a goblin's poison

Illustrated notes

Levels and vault maps discovered:
D:1:      lemuel_arrival_funnel, layout_rooms, serial_co_window_serial,
          co_window_corner_a, co_window_of_opportunity_a, co_window_paths_a,
          co_window_paths_b, co_window_paths_a, co_window_2corner,
          co_window_broadway_b, co_window_2corner, co_window_2corner,
          co_window_corner_cb, co_window_of_opportunity_b,
          co_window_of_opportunity_b, co_window_4corner_a, co_window_4corner_b,
          glass_columns_a, glass_columns_b, glass_columns_a

Action                   || total
-------------------------++-------
Melee: Unarmed           ||    24
Armor: Robe              ||     5
Dodge: Dodged            ||    14

Table legend: (Time is in decaauts)
 A = Elapsed time spent in this place.
 B = Non-inter-level travel time spent in this place.
 C = Inter-level travel time spent in this place.
 D = Time resting spent in this place.
 E = Time spent auto-exploring this place.
 F = Levels seen in this place.
 G = Mean time per level.
                   A        B        C        D        E       F      G
               +--------+--------+--------+--------+--------+-----+--------+
         Total |    263 |    263 |      0 |      0 |    217 |   1 |  263.0 |
       Dungeon |    263 |    263 |      0 |      0 |    217 |   1 |  263.0 |
               +--------+--------+--------+--------+--------+-----+--------+

Top non-repeatable levels by time:
     D:1: 263 daAuts
